 Dungeon Crawl Stone Soup version 0.18.1-50-g88ac8fd (webtiles) character file.

1162 go0n the Cudgeler (level 8, -4/124 HPs)
             Began as a Troll Berserker on Sept 16, 2016.
             Was a Priest of Trog.
             Slain by Menkaure (16 damage)
             ... on level 5 of the Dungeon.
             The game lasted 00:25:26 (3445 turns).

go0n the Cudgeler (Troll Berserker)                 Turns: 3445, Time: 00:25:27

Health: -4/124     AC:  5    Str: 32    XL:     8   Next: 17%
Magic:  7/7        EV: 10    Int:  3    God:    Trog [***...]
Gold:   198        SH:  0    Dex: 10    Spells: 0 memorised, 7 levels left

rFire  . . .     SeeInvis .     (no weapon)
rCold  . . .     Gourm    +     b - +0 animal skin
rNeg   . . .     Faith    .     (no shield)
rPois  .         Spirit   .     (helmet restricted)
rElec  .         Dismiss  .     (no cloak)
rCorr  .         Reflect  .     (gloves unavailable)
SustAt .         Harm     .     (boots unavailable)
MR     ++...                    (no amulet)
Stlth  ..........               (no ring)
                                (no ring)

@: berserking, regenerating, very quick, very resistant to hostile enchantments,
extremely unstealthy
A: unfitting armour, claws 3, fast metabolism 3, gourmand, regeneration 2,
shaggy fur 1, tough skin 2
a: Berserk, Trog's Hand, Burn Spellbooks, Renounce Religion


You were on level 5 of the Dungeon.
You worshipped Trog.
Trog was most pleased with you.
You were not hungry.

You visited 1 branch of the dungeon, and saw 5 of its levels.

You collected 198 gold pieces.

Inventory:

Hand Weapons
 a - a +0 mace
 t - a +0 flail
 w - a +0 giant club
 x - a +0 mace
 A - a +0 scythe
 H - a +0 giant club
 M - a +0 dagger of flaming
Missiles
 s - 6 javelins (quivered)
 u - 5 tomahawks
Armour
 b - a +0 animal skin (worn)
 f - a +0 shield
 o - a +0 robe
Wands
 D - a wand of flame (28/48)
 I - a wand of slowing (27/48)
Scrolls
 e - 2 scrolls of fear {unknown}
 g - 3 scrolls of remove curse
 h - a scroll of recharging {unknown}
 j - 7 scrolls of identify
 m - a scroll of fog {unknown}
 p - a scroll of magic mapping {unknown}
 q - a scroll of immolation {unknown}
 r - a scroll of enchant armour {unknown}
 v - a scroll of amnesia {unknown}
 y - a scroll of blinking
 F - 3 scrolls of vulnerability {unknown}
Potions
 i - a potion of flight {unknown}
 k - a potion of magic {unknown}
 l - a potion of might
 n - 2 potions of curing
 E - a potion of degeneration {unknown}
 G - a potion of mutation {unknown}
Comestibles
 c - 7 bread rations
 d - a beef jerky
 z - a meat ration


   Skills:
 + Level 5.8 Fighting
 + Level 6.9 Maces & Flails
 - Level 1.7 Throwing
 - Level 2.6 Dodging


You had 7 spell levels left.
You didn't know any spells.

Dungeon Overview and Level Annotations

Branches:
Dungeon (5/15)
 Temple: D:4-7

Altars:
Makhleb
Pakellas

Annotations:
D:5 Menkaure


Innate Abilities, Weirdness & Mutations

You are too large for most types of armour.
You have claws for hands.
Your metabolism is lightning-fast.
You like to eat raw meat.
You heal very quickly.
You are covered in fur (AC +1).
You have very tough skin (AC +2).


Message History

You feel yourself moving faster!
You feel mighty!
You feel somewhat more hungry. Menkaure barely misses you.
You scratch Menkaure.
Menkaure is moderately damaged.
Menkaure hits you.
* * * LOW HITPOINT WARNING * * *
You claw Menkaure!
Menkaure is heavily damaged.
You barely miss Menkaure.
Menkaure is heavily damaged.
Menkaure hits you!
* * * LOW HITPOINT WARNING * * *
You scratch Menkaure.
Menkaure is severely damaged.
Menkaure hits you!
* * * LOW HITPOINT WARNING * * *
You scratch Menkaure.
Menkaure is almost destroyed.
Menkaure hits you!
You die...

##..### # #.....# #
#.#.#.### #.#.#.#..
#.#...... #########
#.###.#.# #.......#
#.###.#)# #.#####.#######
#.....#.# #.##.......@M.#
#######.. #.##.##.#####.#
#.. #.......# #.# ###
######.#### #.. ..
#.........# #### #.
#.#.##.##.# #.
#.#.##.##.###########.####
#.#....##................#
#.#.##.##........#..#.
#.#####


You could see Menkaure.

Vanquished Creatures
  Grinder (D:5)
  Sigmund (D:4)
  2 phantoms
  2 ogres
  A scorpion (D:5)
  A howler monkey (D:4)
  A crimson imp (D:5)
  An orc priest (D:3)
  5 orc wizards
  An iguana (D:5)
  A howler monkey skeleton (D:4)
  4 adders
  A shadow imp (D:5)
  2 oozes
  An adder skeleton (D:5)
  4 worms
  A dart slug (D:2)
  3 giant geckos
  13 orcs
  4 bats
  4 giant cockroaches
  A goblin (D:2)
  5 hobgoblins
  4 jackals (D:3)
  2 quokkas
  7 giant newts
  2 kobolds
  6 rats
81 creatures vanquished.

Notes
Turn   | Place    | Note
--------------------------------------------------------------
     0 | D:1      | go0n the Troll Berserker began the quest for the Orb.
     0 | D:1      | Reached XP level 1. HP: 22/22 MP: 0/0
   232 | D:1      | Reached skill level 3 in Maces & Flails
   290 | D:1      | Reached XP level 2. HP: 29/29 MP: 1/1
   574 | D:2      | Reached XP level 3. HP: 34/36 MP: 2/2
   960 | D:2      | Reached ** piety under Trog
  1197 | D:3      | Reached XP level 4. HP: 31/45 MP: 3/3
  1541 | D:3      | Reached skill level 4 in Maces & Flails
  1544 | D:3      | Reached XP level 5. HP: 49/53 MP: 4/4
  1759 | D:4      | Found a burning altar of Makhleb.
  1832 | D:4      | Noticed a phantom
  1887 | D:4      | Killed a phantom
  2052 | D:4      | Noticed an ogre
  2061 | D:4      | Killed an ogre
  2061 | D:4      | Reached skill level 5 in Maces & Flails
  2061 | D:4      | Reached skill level 1 in Throwing
  2061 | D:4      | Reached XP level 6. HP: 38/62 MP: 5/5
  2155 | D:4      | Found an oddly glowing altar of Pakellas.
  2218 | D:4      | Noticed Sigmund
  2235 | D:4      | Killed Sigmund
  2356 | D:4      | Reached XP level 7. HP: 68/71 MP: 6/6
  2480 | D:5      | Entered Level 5 of the Dungeon
  2725 | D:5      | Reached *** piety under Trog
  2749 | D:5      | Reached skill level 6 in Maces & Flails
  2764 | D:5      | Reached skill level 5 in Fighting
  3145 | D:5      | Noticed Grinder
  3171 | D:5      | Paralysed by Grinder for 7 turns
  3185 | D:5      | Paralysed by Grinder for 2 turns
  3189 | D:5      | Killed Grinder
  3189 | D:5      | Reached XP level 8. HP: 34/81 MP: 7/7
  3431 | D:5      | Noticed Menkaure
  3445 | D:5      | Slain by Menkaure

Skill      XL: |  1  2  3  4  5  6  7 |
---------------+----------------------+-----
Maces & Flails | 3 4 5 6 |  6.9
Fighting       | 3 4 5 |  5.8
Throwing       | 1 |  1.7
Dodging        | |  2.6

Action                   |  1- 3 |  4- 6 |  7- 9 || total
-------------------------+-------+-------+-------++-------
Melee: Mace              |   124 |    85 |    50 ||   259
       Unarmed           |       |       |    79 ||    79
Throw: Javelin           |       |    11 |    19 ||    30
       Tomahawk          |       |     6 |     3 ||     9
Invok: Trog's Hand       |       |       |     2 ||     2
       Berserk           |       |       |     1 ||     1
  Use: Potion            |     1 |       |       ||     1
       Scroll            |       |     2 |     1 ||     3
  Eat: Chunk             |    12 |     8 |     9 ||    29
       Royal jelly       |       |     1 |       ||     1
Armor: Animal skin       |    76 |    39 |    24 ||   139
Dodge: Dodged            |   113 |    60 |    57 ||   230
